General information
- name: BNet
- type: Ladder team game (AT/RT)
- host: Battle.net
- saver: MrFrosty
map: UpperKingdom
- players: 6
- length: 39:00
- speed: Fast
- version: 1.23 W3XP
- replay type: Public
» download(316 KB)
Players
team 1 (loser)

»
bT.ag3nt (
teal | 102 APM | 3975 actions | 38:58)
3 Blademaster
2 Wind Walk
1 Critical Strike
2 Shadow Hunter
1 Hex
1 Healing Wave
1 Dark Ranger
1 Silence
» actions
| Assign group hotkey | 34 | |
| Basic commands | 57 | |
| Build / train | 116 | |
| ESC pressed | 1 | |
| Enter build submenu | 59 | |
| Enter hero's abilities submenu | 6 | |
| Right click | 2011 | |
| Select / deselect | 759 | |
| Select group hotkey | 680 | |
| Use ability | 252 | |
3975 total
» units
| Peon | 41 | |
| Grunt | 4 | |
| Demolisher | 11 | |
| Troll Witch Doctor | 7 | |
| Raider | 6 | |
| Troll Batrider | 1 | |
| Tauren | 2 | |
72 total
» upgrades
| Pillage | 1 | |
| Armor | 3 | |
| Ranged Weapons | 3 | |
| Reinforced Defenses | 1 | |
| Burning Oil | 1 | |
| Witch Doctor Training | 2 | |
| Ensnare | 1 | |
| Melee Weapons | 2 | |
| Pulverize | 1 | |
15 total
» buildings
| Orc Burrow | 7 | |
| Altar of Storms | 1 | |
| Barracks | 2 | |
| Voodoo Lounge | 2 | |
| Stronghold | 1 | |
| War Mill | 1 | |
| Great Hall | 3 | |
| Fortress | 1 | |
| Spirit Lodge | 1 | |
| Watch Tower | 33 | |
| Beastiary | 2 | |
| Tauren Totem | 2 | |
56 total
» build order
00:21 Orc Burrow
00:37 Altar of Storms
01:31 Barracks
01:34 Orc Burrow
01:55 Voodoo Lounge
02:32 Orc Burrow
04:29 Stronghold
06:06 War Mill
07:21 Barracks
07:41 Orc Burrow
07:57 Great Hall
08:00 Fortress
09:09 Orc Burrow
09:52 Spirit Lodge
09:59 Watch Tower
10:01 Watch Tower
10:03 Watch Tower
10:05 Watch Tower
10:07 Watch Tower
10:12 Voodoo Lounge
11:23 Watch Tower
11:31 Watch Tower
11:36 Watch Tower
12:23 Watch Tower
13:32 Watch Tower
13:34 Watch Tower
14:08 Watch Tower
14:41 Watch Tower
16:11 Watch Tower
16:14 Watch Tower
16:33 Watch Tower
16:37 Watch Tower
20:27 Beastiary
20:31 Beastiary
21:05 Watch Tower
21:06 Watch Tower
21:06 Watch Tower
23:04 Great Hall
23:08 Watch Tower
23:08 Watch Tower
23:30 Orc Burrow
23:31 Orc Burrow
24:35 Watch Tower
24:35 Watch Tower
25:24 Watch Tower
25:26 Watch Tower
28:00 Watch Tower
28:01 Watch Tower
28:01 Watch Tower
28:03 Watch Tower
28:03 Watch Tower
30:41 Great Hall
31:26 Watch Tower
31:27 Watch Tower
35:17 Tauren Totem
35:18 Tauren Totem
» items
| Lesser Clarity Potion | 9 | |
| Healing Salve | 3 | |
| Scroll of Speed | 2 | |
| Orb of Lightning | 1 | |
| Potion of Healing | 2 | |
| Potion of Mana | 1 | |
18 total

»
bT.Neo (
blue | 62 APM | 2424 actions | 38:55)
4 Mountain King
2 Storm Bolt
2 Bash
6 Paladin
3 Holy Light
2 Devotion Aura
1 Resurrection
» actions
| Assign group hotkey | 32 | |
| Basic commands | 117 | |
| Build / train | 106 | |
| ESC pressed | 2 | |
| Enter build submenu | 34 | |
| Enter hero's abilities submenu | 13 | |
| Give item / drop item | 1 | |
| Remove unit from queue | 1 | |
| Right click | 916 | |
| Select / deselect | 559 | |
| Select group hotkey | 515 | |
| Use ability | 128 | |
2424 total
» units
| Peasant | 19 | |
| Rifleman | 10 | |
| Spell Breaker | 2 | |
| Flying Machine | 10 | |
| Mortar Team | 6 | |
| Knight | 1 | |
| Siege Engine | 2 | |
50 total
» upgrades
| Gunpowder | 3 | |
| Armor | 1 | |
| Long Rifles | 1 | |
| Lumber Harvesting | 1 | |
| Flak Cannons | 2 | |
| Fragmentation Shards | 1 | |
| Masonry | 2 | |
| Flare | 1 | |
| Animal War Training | 1 | |
| Barrage | 1 | |
14 total
» buildings
| Altar of Kings | 1 | |
| Farm | 14 | |
| Blacksmith | 1 | |
| Barracks | 1 | |
| Arcane Vault | 1 | |
| Scout Tower | 4 | |
| Arcane Tower | 2 | |
| Keep | 1 | |
| Lumber Mill | 1 | |
| Arcane Sanctum | 2 | |
| Workshop | 2 | |
| Castle | 1 | |
| Town Hall | 3 | |
| Guard Tower | 1 | |
35 total
» build order
00:51 Altar of Kings
00:52 Farm
01:24 Blacksmith
01:28 Farm
01:43 Barracks
02:17 Farm
02:42 Farm
02:46 Arcane Vault
02:54 Scout Tower
03:21 Arcane Tower
04:29 Farm
05:18 Keep
05:37 Farm
07:55 Farm
07:58 Lumber Mill
08:01 Arcane Sanctum
08:03 Arcane Sanctum
08:28 Farm
09:49 Workshop
11:02 Farm
11:03 Farm
11:34 Farm
13:09 Castle
17:10 Town Hall
23:07 Farm
23:16 Farm
24:48 Workshop
25:09 Town Hall
26:51 Farm
34:59 Town Hall
35:02 Scout Tower
35:04 Scout Tower
35:19 Scout Tower
35:31 Guard Tower
35:36 Arcane Tower
» items
| Scroll of Town Portal | 7 | |
| Lesser Clarity Potion | 4 | |
| Scroll of Regeneration | 5 | |
| Orb of Lightning | 1 | |
| Healing Salve | 1 | |
| Potion of Mana | 1 | |
| Potion of Healing | 2 | |
21 total

»
PRODUCT(RED) (
purple | 96 APM | 3724 actions | 38:51)
5 Keeper of the Grove
2 Entangling Roots
3 Force of Nature
3 Priestess of the Moon
2 Trueshot Aura
1 Scout
» actions
| Assign group hotkey | 67 | |
| Basic commands | 469 | |
| Build / train | 127 | |
| Enter build submenu | 30 | |
| Enter hero's abilities submenu | 8 | |
| Remove unit from queue | 2 | |
| Right click | 915 | |
| Select / deselect | 594 | |
| Select group hotkey | 1377 | |
| Use ability | 135 | |
3724 total
» units
| Wisp | 42 | |
| Archer | 13 | |
| Druid of the Talon | 2 | |
| Faerie Dragon | 4 | |
| Chimaera | 13 | |
| Hippogryph | 18 | |
92 total
» upgrades
| Improved Bows | 1 | |
| Strength of the Wild | 2 | |
| Corrosive Breath | 1 | |
4 total
» buildings
| Altar of Elders | 1 | |
| Moon Well | 9 | |
| Ancient of War | 2 | |
| Tree of Ages | 5 | |
| Tree of Life | 6 | |
| Ancient of Wonders | 1 | |
| Tree of Eternity | 3 | |
| Ancient of Wind | 1 | |
| Hunter's Hall | 1 | |
| Chimaera Roost | 2 | |
| Ancient Protector | 6 | |
37 total
» build order
00:11 Altar of Elders
00:16 Moon Well
01:01 Ancient of War
01:50 Ancient of War
01:54 Moon Well
02:15 Moon Well
04:21 Tree of Ages
04:21 Tree of Ages
04:21 Tree of Ages
06:07 Tree of Life
06:39 Moon Well
06:53 Moon Well
07:06 Ancient of Wonders
07:18 Tree of Eternity
07:19 Tree of Eternity
07:19 Tree of Eternity
07:37 Ancient of Wind
09:07 Moon Well
09:11 Hunter's Hall
09:46 Chimaera Roost
10:31 Chimaera Roost
14:25 Tree of Life
15:31 Tree of Life
15:35 Tree of Life
15:47 Moon Well
17:13 Ancient Protector
17:15 Ancient Protector
20:23 Tree of Life
21:05 Ancient Protector
26:27 Tree of Life
27:06 Ancient Protector
29:22 Ancient Protector
31:43 Moon Well
33:10 Moon Well
33:54 Ancient Protector
» items
| Lesser Clarity Potion | 1 | |
| Dust of Appearance | 1 | |
| Scroll of Town Portal | 4 | |
6 total
team 2 (winner)
MrFrosty (
pink | 116 APM | 4507 actions | 39:00)
6 Archmage
3 Blizzard
2 Brilliance Aura
1 Mass Teleport
6 Mountain King
3 Storm Bolt
2 Bash
1 Avatar
5 Paladin
3 Holy Light
2 Divine Shield
» actions
| Assign group hotkey | 21 | |
| Basic commands | 25 | |
| Build / train | 127 | |
| ESC pressed | 1 | |
| Enter build submenu | 54 | |
| Enter hero's abilities submenu | 18 | |
| Give item / drop item | 8 | |
| Remove unit from queue | 1 | |
| Right click | 2419 | |
| Select / deselect | 724 | |
| Select group hotkey | 757 | |
| Use ability | 352 | |
4507 total
» units
| Peasant | 30 | |
| Priest | 5 | |
| Sorceress | 8 | |
43 total
» upgrades
| Masonry | 3 | |
| Lumber Harvesting | 2 | |
| Magic Sentry | 1 | |
| Sorceress Training | 2 | |
| Priest Training | 2 | |
| Backpack | 1 | |
11 total
» buildings
| Altar of Kings | 1 | |
| Farm | 7 | |
| Scout Tower | 78 | |
| Lumber Mill | 2 | |
| Arcane Tower | 10 | |
| Guard Tower | 24 | |
| Keep | 1 | |
| Castle | 1 | |
| Arcane Sanctum | 1 | |
| Arcane Vault | 1 | |
| Town Hall | 4 | |
130 total
» build order
00:06 Altar of Kings
00:20 Farm
00:21 Scout Tower
00:31 Lumber Mill
00:42 Lumber Mill
00:52 Arcane Tower
01:26 Farm
01:29 Scout Tower
01:53 Scout Tower
02:12 Guard Tower
02:43 Guard Tower
02:47 Farm
02:55 Scout Tower
03:11 Scout Tower
03:27 Guard Tower
03:44 Keep
04:02 Arcane Tower
04:04 Scout Tower
04:36 Guard Tower
04:40 Scout Tower
04:41 Scout Tower
05:32 Guard Tower
05:34 Scout Tower
05:35 Scout Tower
05:57 Farm
06:10 Castle
06:19 Arcane Sanctum
06:58 Farm
06:59 Scout Tower
07:03 Arcane Tower
07:04 Guard Tower
07:39 Scout Tower
07:48 Scout Tower
07:52 Scout Tower
07:53 Scout Tower
08:52 Arcane Tower
10:10 Arcane Vault
10:26 Scout Tower
10:27 Scout Tower
10:29 Scout Tower
10:45 Scout Tower
11:02 Guard Tower
11:05 Guard Tower
11:06 Scout Tower
11:08 Scout Tower
11:09 Scout Tower
11:09 Scout Tower
11:41 Scout Tower
11:41 Scout Tower
11:42 Scout Tower
11:43 Scout Tower
11:44 Scout Tower
11:46 Guard Tower
12:24 Guard Tower
13:20 Guard Tower
13:24 Town Hall
13:29 Scout Tower
13:30 Scout Tower
13:31 Scout Tower
14:17 Arcane Tower
14:38 Guard Tower
14:41 Scout Tower
14:42 Scout Tower
14:46 Farm
14:48 Farm
14:50 Arcane Tower
14:51 Guard Tower
14:55 Arcane Tower
16:36 Guard Tower
18:01 Scout Tower
18:02 Scout Tower
18:03 Scout Tower
18:04 Scout Tower
18:06 Scout Tower
18:07 Scout Tower
18:08 Scout Tower
20:32 Arcane Tower
20:33 Guard Tower
22:35 Scout Tower
22:36 Scout Tower
22:36 Scout Tower
22:36 Scout Tower
22:37 Scout Tower
22:38 Scout Tower
22:41 Scout Tower
22:41 Scout Tower
22:42 Scout Tower
22:43 Scout Tower
23:07 Guard Tower
23:10 Guard Tower
23:13 Arcane Tower
23:15 Guard Tower
24:06 Scout Tower
24:07 Scout Tower
24:08 Scout Tower
24:08 Scout Tower
24:09 Scout Tower
24:09 Scout Tower
24:55 Scout Tower
24:56 Scout Tower
24:58 Scout Tower
24:58 Scout Tower
24:58 Scout Tower
24:59 Scout Tower
25:00 Scout Tower
25:00 Scout Tower
25:26 Guard Tower
27:07 Guard Tower
29:52 Town Hall
29:58 Scout Tower
30:02 Scout Tower
30:02 Scout Tower
30:03 Scout Tower
30:04 Scout Tower
30:05 Scout Tower
30:49 Guard Tower
31:36 Scout Tower
31:37 Scout Tower
31:41 Town Hall
31:44 Scout Tower
31:45 Scout Tower
31:46 Scout Tower
31:46 Scout Tower
31:47 Scout Tower
31:47 Scout Tower
34:36 Town Hall
34:42 Arcane Tower
34:44 Guard Tower
35:36 Guard Tower
35:37 Guard Tower
» items
| Healing Salve | 1 | |
| Potion of Healing | 5 | |
| Staff of Sanctuary | 3 | |
| Scroll of Town Portal | 3 | |
| Orb of Lightning | 3 | |
15 total
OblivionXXLBoob (
yellow | 139 APM | 5419 actions | 38:59)
5 Archmage
3 Blizzard
2 Brilliance Aura
4 Blood Mage
2 Flame Strike
2 Siphon Mana
4 Dark Ranger
2 Black Arrow
2 Silence
» actions
| Assign group hotkey | 57 | |
| Basic commands | 117 | |
| Build / train | 101 | |
| ESC pressed | 9 | |
| Enter build submenu | 59 | |
| Enter hero's abilities submenu | 13 | |
| Give item / drop item | 2 | |
| Right click | 2393 | |
| Select / deselect | 437 | |
| Select group hotkey | 1954 | |
| Use ability | 277 | |
5419 total
» units
| Peasant | 24 | |
| Magnataur Warrior | 1 | |
| Polar Furbolg Shaman | 2 | |
| Priest | 9 | |
| Sorceress | 2 | |
38 total
» upgrades
| Masonry | 3 | |
| Lumber Harvesting | 1 | |
| Magic Sentry | 1 | |
| Sorceress Training | 1 | |
| Priest Training | 2 | |
8 total
» buildings
| Altar of Kings | 2 | |
| Farm | 22 | |
| Lumber Mill | 2 | |
| Scout Tower | 24 | |
| Arcane Tower | 1 | |
| Arcane Vault | 3 | |
| Guard Tower | 17 | |
| Keep | 2 | |
| Castle | 3 | |
| Arcane Sanctum | 2 | |
78 total
» build order
00:09 Altar of Kings
00:21 Farm
00:53 Farm
00:54 Farm
01:02 Lumber Mill
01:16 Scout Tower
01:45 Scout Tower
01:46 Arcane Tower
02:07 Arcane Vault
02:45 Guard Tower
02:46 Scout Tower
03:04 Farm
03:22 Guard Tower
03:48 Keep
03:48 Keep
03:50 Farm
04:22 Farm
04:23 Farm
04:41 Farm
04:41 Farm
04:45 Farm
04:47 Farm
04:53 Farm
05:42 Scout Tower
05:42 Scout Tower
06:13 Castle
06:13 Castle
06:13 Castle
06:17 Guard Tower
06:17 Guard Tower
06:19 Scout Tower
06:19 Scout Tower
06:20 Guard Tower
06:20 Guard Tower
06:56 Guard Tower
08:02 Arcane Sanctum
10:55 Scout Tower
10:55 Scout Tower
11:20 Arcane Vault
12:20 Guard Tower
12:20 Guard Tower
13:03 Scout Tower
13:14 Guard Tower
13:15 Guard Tower
13:45 Guard Tower
13:45 Guard Tower
13:49 Scout Tower
13:50 Scout Tower
14:00 Scout Tower
14:00 Scout Tower
14:14 Arcane Sanctum
14:43 Guard Tower
17:43 Farm
18:43 Scout Tower
18:43 Scout Tower
18:43 Scout Tower
19:28 Guard Tower
19:30 Scout Tower
20:20 Scout Tower
20:29 Arcane Vault
21:09 Guard Tower
21:12 Scout Tower
21:12 Scout Tower
21:13 Scout Tower
21:13 Scout Tower
22:46 Farm
22:47 Farm
23:19 Farm
23:51 Farm
23:51 Farm
24:22 Lumber Mill
24:34 Altar of Kings
25:34 Farm
» items
| Scroll of Regeneration | 3 | |
| Potion of Healing | 2 | |
| Staff of Sanctuary | 3 | |
| Scroll of Town Portal | 4 | |
| Scroll of Speed | 1 | |
| Orb of Lightning | 1 | |
14 total
way.2ez (
red | 60 APM | 2343 actions | 38:59)
7 Blademaster
3 Wind Walk
3 Critical Strike
1 Bladestorm
» actions
| Assign group hotkey | 26 | |
| Basic commands | 13 | |
| Build / train | 118 | |
| ESC pressed | 4 | |
| Enter build submenu | 45 | |
| Enter hero's abilities submenu | 7 | |
| Give item / drop item | 7 | |
| Right click | 894 | |
| Select / deselect | 288 | |
| Select group hotkey | 657 | |
| Use ability | 284 | |
2343 total
» units
» upgrades
| Liquid Fire | 1 | |
| Ranged Weapons | 3 | |
| Armor | 1 | |
| Troll Regeneration | 1 | |
| Spiked Barricades | 1 | |
| Burning Oil | 1 | |
8 total
» buildings
| Altar of Storms | 1 | |
| Orc Burrow | 4 | |
| War Mill | 1 | |
| Voodoo Lounge | 3 | |
| Watch Tower | 33 | |
| Stronghold | 4 | |
| Fortress | 1 | |
| Beastiary | 2 | |
| Great Hall | 2 | |
| Barracks | 1 | |
52 total
» build order
00:07 Altar of Storms
00:17 Orc Burrow
00:28 War Mill
01:23 Voodoo Lounge
01:47 Watch Tower
02:07 Orc Burrow
02:35 Watch Tower
02:58 Watch Tower
03:25 Watch Tower
03:43 Watch Tower
04:03 Watch Tower
04:24 Stronghold
04:24 Stronghold
04:24 Stronghold
04:43 Watch Tower
05:05 Watch Tower
05:07 Watch Tower
06:34 Watch Tower
06:36 Watch Tower
06:53 Fortress
06:56 Beastiary
06:58 Beastiary
07:24 Orc Burrow
07:25 Orc Burrow
07:38 Watch Tower
07:42 Watch Tower
07:43 Watch Tower
08:47 Watch Tower
08:48 Watch Tower
09:41 Watch Tower
10:06 Watch Tower
10:07 Watch Tower
10:50 Watch Tower
11:19 Watch Tower
13:04 Watch Tower
13:54 Voodoo Lounge
14:30 Watch Tower
16:31 Watch Tower
16:33 Watch Tower
17:59 Great Hall
18:09 Watch Tower
19:14 Watch Tower
20:18 Watch Tower
20:19 Watch Tower
20:20 Watch Tower
23:53 Watch Tower
23:54 Watch Tower
23:55 Watch Tower
24:17 Voodoo Lounge
25:46 Barracks
31:30 Great Hall
» items
| Lesser Clarity Potion | 13 | |
| Healing Salve | 3 | |
| Orb of Lightning | 3 | |
| Scroll of Town Portal | 3 | |
22 total
Chat log
(00:34 / All) OblivionXXLBoob: gl hf ( . Y . )
(10:27 / Allies) OblivionXXLBoob: tttt
(10:38 / Allies) OblivionXXLBoob: oh fuck me
(10:39 / Allies) OblivionXXLBoob: dark arrow
(11:11 / Allies) OblivionXXLBoob: i need
(11:12 / Allies) OblivionXXLBoob: orc shop bad
(11:14 / Allies) OblivionXXLBoob: cant do shit
(11:16 / Allies) OblivionXXLBoob: until il get orbs
(19:13 / Allies) OblivionXXLBoob: here
(19:15 / Allies) OblivionXXLBoob: this entire time
(22:53 / Allies) OblivionXXLBoob: done?
(23:22 / Allies) OblivionXXLBoob: if would stop lagging
(23:32 / Allies) OblivionXXLBoob: but thats not possible
(23:40 / Allies) OblivionXXLBoob: haha
(23:42 / Allies) OblivionXXLBoob: i canceled it
(25:02 / Allies) OblivionXXLBoob: did they take the left side?
(25:21 / Allies) OblivionXXLBoob: need gold
(25:30 / Allies) OblivionXXLBoob: heroes n shit
(28:36 / Allies) OblivionXXLBoob: ughhh
(28:38 / Allies) OblivionXXLBoob: omw
(29:08 / Allies) OblivionXXLBoob: lmao
(30:32 / Allies) OblivionXXLBoob: ?
(31:49 / Allies) OblivionXXLBoob: any base
(31:50 / Allies) OblivionXXLBoob: but that one
(31:51 / Allies) OblivionXXLBoob: jesus
(33:49 / Allies) OblivionXXLBoob: goddd
(38:54 / Allies) OblivionXXLBoob: lawl
(38:56 / All) way.2ez: 2ez